 Dungeon Crawl Stone Soup version 0.29.1-13-g9f3cf754e1 (webtiles) character file.

Game seed: 12361701895092905587

21 Linkola the Covered (level 2, 0/27 HPs)
             Began as a Minotaur Fighter on Jan 22, 2023.
             Succumbed to their own poison gas
             ... on level 1 of the Dungeon.
             The game lasted 00:01:00 (635 turns).

Linkola the Covered (Minotaur Fighter)               Turns: 635, Time: 00:01:00

Health: 0/27       AC:  7    Str: 20    XL:     2   Next: 65%
Magic:  1/1        EV:  9    Int:  5    God:
Gold:   47         SH:  4    Dex:  9    Spells: 1/1 levels left

rFire   . . .      SeeInvis .   a - +0 war axe
rCold   . . .      Faith    .   c - +0 buckler
rNeg    . . .      Spirit   .   b - +0 scale mail
rPois   .          Reflect  .   (helmet restricted)
rElec   .          Harm     .   (no cloak)
rCorr   .          Rampage  .   (no gloves)
Will    .....                   (no boots)
Stlth   ..........              (no amulet)
HPRegen 0.09/turn               (no ring)
MPRegen 0.07/turn               (no ring)

@: lethally poisoned (0 -> -1)
A: horns 2, retaliatory headbutt
a: no special abilities


You were on level 1 of the Dungeon.
You visited 1 branch of the dungeon, and saw 1 of its levels.

You collected 47 gold pieces.

Inventory:

Hand Weapons
 a - a +0 war axe (weapon)
Missiles
 f - a stone (quivered)
Armour
 b - a +0 scale mail (worn)
 c - a +0 buckler (worn)
Scrolls
 e - a scroll of teleportation
Potions
 d - a potion of might


   Skills:
 + Level 3.9 Fighting
 + Level 2.5 Axes
 * Level 0.9 Throwing
 + Level 3.9 Armour
 + Level 0.4 Dodging
 + Level 3.7 Shields
 * Level 0.4 Evocations


You had one spell level left.
You didn't know any spells.
Your spell library was empty.

Dungeon Overview and Level Annotations

Branches:
Dungeon (1/15)

Altars:


Innate Abilities, Weirdness & Mutations

You have a pair of horns on your head.
You reflexively headbutt those who attack you in melee.


Message History

A rat comes into view.
The rat barely misses you.
You slash the rat!
You kill the rat!
No target in view!
No target in view!
No target in view!
No target in view!
No target in view!
g - a scroll labelled JIT KAT ETWOH You see here a rat corpse.
You now have 47 gold pieces (gained 16).
You see here a +0 dagger.
Done exploring.
The air fills with toxic fumes!
As you read the scroll labelled JIT KAT ETWOH, it crumbles to dust.
It was a scroll of poison.
Done exploring.
Really walk into that cloud of poison gas?
Uppercase [Y]es or [N]o only, please.
Really walk into that cloud of poison gas?
You are engulfed in poison gas.
You are poisoned.
You feel very sick.
You feel very sick.
You feel very sick.
* * * LOW HITPOINT WARNING * * *
You feel sick.
* * * LOW HITPOINT WARNING * * *
You feel sick.
* * * LOW HITPOINT WARNING * * *
You feel sick.
* * * LOW HITPOINT WARNING * * *
You feel sick.
* * * LOW HITPOINT WARNING * * *
You feel sick.
* * * LOW HITPOINT WARNING * * *
You feel sick.
* * * LOW HITPOINT WARNING * * *
You feel sick.
You die...

...............................>#
......####.#############...####.#
#####♣# #.# ########...### #.#
♣~.♣♣ #.# #......#.### #.#
♣♣♣.~.♣#♣♣.# #......#.# #.#
..........## #......#.# #.#
..........♣ ##.##.##.# #.#
.###''##..♣ #.##.##.# #.#
.#.....#..## #@##....#### #.#
.#...<.#...♣# ##..........# #.#
.#.....#..♣.# #...#######.# #.#
.#.....#...####..## #.#####.#
.#.....#..#♣##...## #.......#
.#######..#♣#...÷.# #########
..........~##..#..#
..........♣♣#..#..#
♣~♣.♣.#♣#♣♣##..#..#


There were no monsters in sight!

Vanquished Creatures
  3 ball pythons (D:1)
  2 endoplasms (D:1)
  A giant cockroach (D:1)
  2 goblins (D:1)
  3 hobgoblins (D:1)
  2 jackals (D:1)
  A kobold (D:1)
  2 bats (D:1)
  4 rats (D:1)
20 creatures vanquished.

Notes
Turn   | Place    | Note
-------+----------+-------------------------------------------
     0 | D:1      | Linkola the Minotaur Fighter began the quest for the Orb.
     0 | D:1      | Reached XP level 1. HP: 19/19 MP: 0/0
    94 | D:1      | Reached XP level 2. HP: 27/27 MP: 1/1
   247 | D:1      | Found a faded altar of an unknown god.
   634 | D:1      | HP: 1/27 [poisoned by you (poison gas)]
   635 | D:1      | Succumbed to their own poison gas

Illustrated notes

Levels and vault maps discovered:
D:1:      saegor_arrival_under_anarchy, layout_basic,
          shapermc_ecumenical_altar_petra

Action                   || total
-------------------------++-------
Melee: War axe           ||    30
       Headbutt          ||     3
Throw: Stone             ||     4
  Use: Scroll            ||     2
Armor: Scale mail        ||    13
Dodge: Dodged            ||    13
Block: Buckler           ||     4
